 Dungeon Crawl Stone Soup version 0.24.0-2-g5b39cebb1c (webtiles) character file.

Game seed: 79526271091364972, levelgen mode: deterministic

2499 inmateoo the Spear-Bearer (level 9, -4/63 HPs)
             Began as a Mummy Fighter on Oct 30, 2019.
             Was a Priest of Okawaru.
             Slain by a two-headed ogre
             ... wielding a +0 giant club
              (14 damage)
             ... on level 6 of the Dungeon.
             The game lasted 00:08:24 (7514 turns).

inmateoo the Spear-Bearer (Mummy Fighter)           Turns: 7514, Time: 00:08:25

Health: -4/63      AC: 12    Str: 23    XL:     9   Next: 28%
Magic:  12/12      EV:  4    Int:  7    God:    Okawaru [***...]
Gold:   316        SH:  9    Dex: 11    Spells: 8/8 levels left

rFire    x . .     SeeInvis .   a - +3 trident
rCold    + . .     Gourm    .   c - +0 shield
rNeg     + + +     Faith    .   k - +0 plate armour
rPois    ∞         Spirit   .   (no helmet)
rElec    .         Reflect  .   f - +0 cloak
rCorr    +         Harm     .   (no gloves)
MR       +....                  (no boots)
Stlth    ..........             (no amulet)
HPRegen  0.20/turn              m - ring of wizardry
MPRegen  0.13/turn              b - ring of resist corrosion

@: about to teleport
A: no food or potions, fire vulnerability, cold resistance 1, negative energy
resistance 3, torment resistance, unbreathing
a: Heroism, Renounce Religion


You were on level 6 of the Dungeon.
You worshipped Okawaru.
Okawaru was most pleased with you.
You were not hungry.

You visited 1 branch of the dungeon, and saw 6 of its levels.
You also visited: Sewer.

You collected 316 gold pieces.

Inventory:

Hand Weapons
 a - a +3 trident (weapon)
Armour
 c - a +0 shield (worn)
 f - a +0 cloak (worn)
 i - a +0 chain mail
 k - a +0 plate armour (worn)
Jewellery
 b - a ring of resist corrosion (right hand)
 m - a ring of wizardry (left hand)
Wands
 o - a wand of random effects (2)
Scrolls
 d - 2 scrolls of blinking
 g - 4 scrolls of remove curse
 h - 3 scrolls of identify
 j - 4 scrolls of amnesia
 l - 2 scrolls of fog
 n - a scroll of magic mapping


   Skills:
 - Level 3.0 Fighting
 + Level 9.9 Polearms
 - Level 2.4 Armour
 - Level 2.4 Shields
 - Level 4.1 Invocations


You had 8 spell levels left.
You didn't know any spells.
Your spell library contained the following spells:

 Spells                   Type           Power        Failure   Level  Hunger
 Sting                    Conj/Pois      #...         100%        1    N/A
 Poisonous Vapours        Pois/Air       #.....       100%        2    N/A
 Mephitic Cloud           Conj/Pois/Air  #.......     100%        3    N/A
 Olgreb's Toxic Radiance  Pois           #.......     100%        4    N/A
 Venom Bolt               Conj/Pois      #.........   100%        5    N/A

Dungeon Overview and Level Annotations

Branches:
Dungeon (6/15)             Temple (0/1) D:5           Sewer (visited)

Altars:
Elyvilon
Fedhas
Makhleb
Okawaru
Xom

Shops:
D:6 [

Annotations:
D:2 1 runed translucent door, Crazy Yiuf
D:5 Sigmund


Innate Abilities, Weirdness & Mutations

You do not eat or drink.
Your flesh is vulnerable to fire.
You are immune to poison.
Your flesh is cold resistant. (rC+)
You are immune to negative energy. (rN+++)
You are immune to unholy pain and torment.
You can survive without breathing.


Message History

You puncture the two-headed ogre!
The two-headed ogre is moderately wounded.
You block the two-headed ogre's attack.
The two-headed ogre hits you with a +0 giant spiked club!!
You hit the two-headed ogre.
The two-headed ogre is moderately wounded.
The two-headed ogre hits you with a +0 giant club.
The two-headed ogre hits you with a +0 giant spiked club.
You hit the two-headed ogre.
The two-headed ogre is moderately wounded.
You see here a scroll of teleportation.
There is a stone staircase leading down here.
The two-headed ogre hits you with a +0 giant club!
The two-headed ogre hits you with a +0 giant spiked club!!
* * * LOW HITPOINT WARNING * * *
As you read the scroll of teleportation, it crumbles to dust.
You feel strangely unstable. You block the two-headed ogre's attack.
The two-headed ogre hits you with a +0 giant spiked club!
You die...

...## ##....### ...## #....#
....#### ##....##
.......#########......##
#......................### ####
#........................###..#
#.....########................#
#....## ###O.....#####..##
#....# #@...### #### .....#
#..### .....# ##..# .....#
#..## .....# ##..# .....##
#..## ......########..#
................#
................#


You could see a two-headed ogre.

Vanquished Creatures
  Pikel (D:5)
  Prince Ribbit (D:4)
  2 orc warriors (D:6)
  A hornet zombie (D:6)
  2 phantoms
  A centaur (D:6)
  3 big kobolds (Sewer)
  3 scorpions
  2 howler monkeys
  3 crimson imps
  2 hounds
  A bullfrog skeleton (D:6)
  5 orc priests
  5 worker ants
  An iguana (D:5)
  5 orc wizards
  A hound zombie (D:5)
  A gnoll (D:4)
  10 adders
  2 howler monkey skeletons (D:4)
  2 oozes
  2 adder skeletons
  A worm (D:4)
  2 dart slugs
  3 leopard geckos
  23 orcs
  4 ball pythons
  14 bats
  12 giant cockroaches
  8 hobgoblins
  5 jackals
  A quokka (D:3)
  2 frilled lizards
  10 goblins
  A jackal skeleton (D:4)
  15 kobolds
  13 rats
170 creatures vanquished.

Vanquished Creatures (others)
  Duvessa (D:5)
  2 slaves (D:5)
  Dowan (D:5)
  A ball python (D:5)
  A frilled lizard (D:5)
6 creatures vanquished.

Grand Total: 176 creatures vanquished

Notes
Turn   | Place    | Note
-------+----------+-------------------------------------------
     0 | D:1      | inmateoo the Mummy Fighter began the quest for the Orb.
     0 | D:1      | Reached XP level 1. HP: 18/18 MP: 1/1
    86 | D:1      | Reached skill level 2 in Polearms
   125 | D:1      | Reached XP level 2. HP: 24/24 MP: 2/2
   547 | D:1      | Reached XP level 3. HP: 26/29 MP: 3/3
   688 | D:1      | Reached skill level 3 in Polearms
  1193 | D:2      | Found a runed translucent door.
  1194 | D:2      | Noticed Crazy Yiuf
  1956 | D:3      | Reached XP level 4. HP: 32/35 MP: 4/4
  1969 | D:3      | Reached skill level 4 in Polearms
  2452 | D:3      | Reached XP level 5. HP: 41/41 MP: 5/5
  2615 | D:3      | Found a burning altar of Makhleb.
  2816 | D:4      | Got a polished leather armour
  2955 | D:4      | Noticed a phantom
  3030 | D:4      | Reached skill level 5 in Polearms
  3153 | D:4      | Reached XP level 6. HP: 10/47 MP: 6/6
  3257 | D:4      | Found an iron altar of Okawaru.
  3266 | D:4      | Became a worshipper of Warmaster Okawaru
  3346 | D:4      | Found a glowing drain.
  3363 | Sewer    | Entered a sewer
  3507 | Sewer    | Reached skill level 6 in Polearms
  3556 | Sewer    | Identified the +3 leather armour "Gasaib" {*Drain rPois
                  | Dex+9 Slay-3} (You found it on level 4 of the Dungeon)
  3945 | Sewer    | Reached * piety under Okawaru
  3945 | Sewer    | Reached XP level 7. HP: 33/52 MP: 7/7
  4389 | D:4      | Reached skill level 1 in Invocations
  4786 | D:5      | Entered Level 5 of the Dungeon
  4786 | D:5      | Noticed Sigmund
  4835 | D:5      | Found a blossoming altar of Fedhas.
  4835 | D:5      | Found a white marble altar of Elyvilon.
  5196 | D:4      | Reached skill level 7 in Polearms
  5502 | D:5      | Found a staircase to the Ecumenical Temple.
  5504 | D:5      | Noticed Pikel
  5556 | D:5      | Killed Pikel
  5556 | D:5      | Reached ** piety under Okawaru
  5556 | D:5      | Reached XP level 8. HP: 29/58 MP: 8/11
  5785 | D:5      | Noticed Prince Ribbit
  5795 | D:5      | Reached skill level 8 in Polearms
  5799 | D:5      | Noticed Duvessa
  6195 | D:5      | Killed Duvessa
  6255 | D:4      | Killed Prince Ribbit
  6415 | D:5      | Found a shimmering altar of Xom.
  6415 | D:5      | Killed Dowan
  6959 | D:6      | Reached skill level 9 in Polearms
  6975 | D:6      | Reached XP level 9. HP: 58/63 MP: 12/12
  7134 | D:6      | Found Qiam's Antique Armour Boutique.
  7276 | D:6      | Reached *** piety under Okawaru
  7446 | D:6      | Noticed a two-headed ogre
  7514 | D:6      | Slain by a two-headed ogre

Levels and vault maps discovered:
D:1:      nzn_arrival_settlement, layout_basic, minmay_pentomino_u2
D:2:      layout_basic, kennysheep_decorative_pillar, uniq_crazy_yiuf_cottage
D:3:      layout_basic, makhleb_blood_cavern_becter
D:4:      minmay_octagon_keep, layout_loops_ring, okawaru_altar_gauntlet_db,
          cheibrodos_sewer_entry_bend, first_ration
D:5:      layout_rooms, grunt_temple_overflow_open, basic_altar, uniq_duvessa,
          uniq_sigmund, uniq_prince_ribbit1, uniq_pikel
D:6:      layout_layer_cave, serial_shops, shop

Skill      XL: |  1  2  3  4  5  6  7  8 |
---------------+-------------------------+-----
Polearms       | 2 3 4 5 6 7 9 |  9.9
Invocations    | 4 |  4.1
Fighting       | |  3.0
Armour         | |  2.4
Shields        | |  2.4

Action                   |  1- 3 |  4- 6 |  7- 9 || total
-------------------------+-------+-------+-------++-------
Melee: Trident           |   213 |   300 |   422 ||   935
Invok: Heroism           |       |       |     2 ||     2
Evoke: Wand              |       |       |     6 ||     6
  Use: Scroll            |     8 |       |     6 ||    14
 Stab: Confused          |       |       |     1 ||     1
Armor: Scale mail        |    27 |       |       ||    27
       Chain mail        |    63 |   133 |       ||   196
       Plate armour      |       |    22 |   185 ||   207
Dodge: Dodged            |    45 |    65 |    41 ||   151
Block: Shield            |    84 |   146 |   138 ||   368
